 Dungeon Crawl Stone Soup version 0.19.1 (webtiles) character file.

74 splitbrain the Charmwright (level 4, 0/30 HPs)
             Began as a High Elf Skald on Dec 8, 2016.
             Slain by an adder (3 damage)
             ... on level 3 of the Dungeon.
             The game lasted 00:25:48 (2664 turns).

splitbrain the Charmwright (High Elf Skald)         Turns: 2664, Time: 00:25:49

Health: 0/30       AC:  9    Str: 11 (12) XL:     4   Next: 9%
Magic:  8/9        EV:  5    Int: 19 (20) God:
Gold:   107        SH:  0    Dex: 14 (15) Spells: 1 memorised, 7 levels left

rFire  . . .     SeeInvis .     a - +0 falchion
rCold  . . .     Gourm    .     f - +0 chain mail
rNeg   . . .     Faith    .     (no shield)
rPois  .         Spirit   .     (no helmet)
rElec  .         Reflect  .     (no cloak)
rCorr  .         Harm     .     g - +0 pair of gloves
MR     .....                    (no boots)
Stlth  ..........               (no amulet)
                                (no ring)
                                (no ring)

@: brilliant, lethally poisoned (0 -> -4), infused
A: no striking features
a: no special abilities


You were on level 3 of the Dungeon.
You were not hungry.

You visited 1 branch of the dungeon, and saw 3 of its levels.

You collected 107 gold pieces.

Inventory:

Hand Weapons
 a - a +0 falchion (weapon)
Missiles
 d - 5 tomahawks
 l - 12 arrows
 m - 12 poisoned needles (quivered)
Armour
 b - a +0 leather armour
 f - a +0 chain mail (worn)
 g - a +0 pair of gloves (worn)
 h - a +0 ring mail
 i - a +0 leather armour
Scrolls
 e - 2 scrolls of identify
Books
 c - a book of Battle

   Spells                             Type                      Level
   a - Infusion                       Charms                       1
   b - Shroud of Golubria             Charms/Translocation         2
   c - Song of Slaying                Charms                       2
   d - Spectral Weapon                Hexes/Charms                 3
   e - Regeneration                   Charms/Necromancy            3
Comestibles
 j - 2 chunks of flesh


   Skills:
 + Level 2.3 Fighting
 + Level 3.4 Long Blades
 + Level 0.2 Throwing
 + Level 1.9 Armour
 + Level 1.3 Dodging
 + Level 0.5 Stealth
 + Level 2.7 Spellcasting
 + Level 4.1 Charms


You had 7 spell levels left.
You knew the following spells:

 Your Spells              Type           Power        Failure   Level  Hunger
a - Infusion              Chrm           ####         34%         1    None


Dungeon Overview and Level Annotations

Branches:
Dungeon (3/15)

Altars:


Message History

You miss the adder.
The adder is moderately wounded.
The adder bites you but does no damage. The adder barely misses you.
Your chain mail prevents you from hitting the adder.
The adder is moderately wounded.
* * * LOW HITPOINT WARNING * * *
You feel sick. The adder barely misses you.
You riposte.
Your chain mail prevents you from hitting the adder.
The adder is moderately wounded.
The adder completely misses you. The adder bites you but does no damage.
The adder bites you.
* * * LOW HITPOINT WARNING * * *
You aren't carrying any potions.
Okay, then.
Casting: Infusion
Confirm with . or Enter, or press ? or * to list all spells.
You begin infusing your attacks with magical energy.
* * * LOW HITPOINT WARNING * * *
You feel sick. The adder bites you.
You die...

#.........# .....
#.##......# ..(.!
#.##......# $..
#.######### ... #.# #.#
#.# ###### #.#
#.#####....# #(#
#........#.# #S#
..)รท######.# #@#
...........# #S######
....######## #......#
....# #..<...# ....#
#......#
....############......#
....#.......).........#
....#.###########.....#
....#.#...............#


You could see 2 adders.

Vanquished Creatures
  An adder (D:3)
  A worm (D:3)
  A leopard gecko (D:3)
  8 orcs (D:3)
  5 bats (D:1)
  3 giant cockroaches
  5 goblins
  5 hobgoblins
  9 kobolds
  A quokka (D:2)
  4 frilled lizards
  6 rats
49 creatures vanquished.

Notes
Turn   | Place    | Note
-------+----------+-------------------------------------------
     0 | D:1      | splitbrain the High Elf Skald began the quest for the Orb.
     0 | D:1      | Reached XP level 1. HP: 14/14 MP: 4/4
     1 | D:1      | Noticed a minotaur zombie
   119 | D:1      | Reached skill level 4 in Charms
   119 | D:1      | Reached XP level 2. HP: 19/19 MP: 6/6
   291 | D:1      | Reached skill level 1 in Armour
  1102 | D:2      | Reached XP level 3. HP: 24/24 MP: 8/8
  1502 | D:3      | HP: 1/24 [orc (2)]
  2652 | D:3      | Reached XP level 4. HP: 19/30 MP: 9/9
  2664 | D:3      | Slain by an adder

Skill      XL: |  1  2  3 |
---------------+----------+-----
Charms         | 4 |  4.1
Armour         | 1 |  1.9
Long Blades    | 3 |  3.4
Fighting       | |  2.3
Throwing       | |  0.2
Dodging        | |  1.3
Stealth        | |  0.5
Spellcasting   | |  2.7

Action                   |  1- 3 |  4- 6 || total
-------------------------+-------+-------++-------
Melee: Falchion          |   225 |    11 ||   236
Throw: Tomahawk          |     8 |       ||     8
 Cast: Infusion          |     3 |     1 ||     4
  Use: Scroll            |     4 |       ||     4
       Potion            |     4 |       ||     4
  Eat: Chunk             |     3 |       ||     3
       Bread ration      |     1 |       ||     1
Armor: Leather armour    |    14 |       ||    14
       Chain mail        |   120 |     8 ||   128
Dodge: Dodged            |    82 |     9 ||    91
       Rpst.: Falchion   |    36 |     4 ||    40
